 Dungeon Crawl Stone Soup version 0.22.1-2-g9c5b331 (webtiles) character file.

114 Fang the Skirmisher (level 4, -1/43 HPs)
             Began as a Gargoyle Berserker on Dec 3, 2018.
             Was a Believer of Trog.
             Slain by Sigmund
             ... wielding a +0 scythe
              (8 damage)
             ... on level 2 of the Dungeon.
             The game lasted 00:01:33 (1744 turns).

Fang the Skirmisher (Gargoyle Berserker)            Turns: 1744, Time: 00:01:34

Health: -1/43      AC:  9    Str: 26    XL:     4   Next: 97%
Magic:  4/4        EV: 11    Int:  8    God:    Trog [**....]
Gold:   23         SH:  0    Dex:  9    Spells: 3/3 levels left

rFire    . . .     SeeInvis .   a - +0 hand axe
rCold    . . .     Gourm    .   (no shield)
rNeg     + . .     Faith    .   l - +0 ring mail
rPois    ∞         Spirit   .   (no helmet)
rElec    +         Reflect  .   (no cloak)
rCorr    +         Harm     .   (no gloves)
MR       .....                  (no boots)
Stlth    ..........             (no amulet)
HPRegen  0.14/turn              e - ring of poison resistance (curse)
MPRegen  0.09/turn              i - ring of resist corrosion

@: berserking (expiring), very quick
A: negative energy resistance 1, electricity resistance, unbreathing,
petrification resistance, rot immunity, AC +3
a: Berserk, Trog's Hand, Renounce Religion


You were on level 2 of the Dungeon.
You worshipped Trog.
Trog was pleased with you.
You were very hungry.

You visited 1 branch of the dungeon, and saw 2 of its levels.

You collected 23 gold pieces.

Inventory:

Hand Weapons
 a - a +0 hand axe (weapon)
Armour
 l - a +0 ring mail (worn)
Jewellery
 e - a cursed ring of poison resistance (left hand)
 i - a ring of resist corrosion (right hand)
Scrolls
 b - a scroll of immolation {unknown}
 d - a scroll of amnesia {unknown}
 g - a scroll of blinking {unknown}
 h - 2 scrolls of fog {unknown}
 k - 2 scrolls of magic mapping {unknown}
 m - a scroll of fear {unknown}
Potions
 f - a potion of lignification {unknown}
 j - 3 potions of heal wounds {unknown}
Comestibles
 c - 4 rations


   Skills:
 + Level 4.1 Fighting
 + Level 3.8 Axes
 + Level 2.5 Armour
 + Level 2.1 Dodging
 + Level 1.0 Stealth


You had 3 spell levels left.
You didn't know any spells.
Your spell library was empty.

Dungeon Overview and Level Annotations

Branches:
Dungeon (2/15)

Altars:

Annotations:
D:2 Sigmund


Innate Abilities, Weirdness & Mutations

You are resistant to torment.
Your stone body is resilient. (AC +3)
You are immune to poison.
You resist negative energy. (rN+)
You are resistant to electric shocks. (rElec)
You can survive without breathing.
You are immune to petrification.
You are immune to rotting.


Message History

You hit something. Something hits you.
You miss something. Something hits you but does no damage.
A red film seems to cover your vision as you go berserk!
You feel yourself moving faster!
You feel mighty!
You are feeling hungry.
An adder comes into view.
You closely miss something. Something hits you!
You miss something. You barely miss something. Something hits you.
You are feeling very hungry.
You slash something! You closely miss something.
Something hits you but does no damage.
You miss something. You slash something! Something hits you.
You barely miss something. You miss something. Something hits you!
* * * LOW HITPOINT WARNING * * *
You miss something. You closely miss something. Something hits you!
You die...

...... ....
.# .... ..#
...
########..
.S# #
#.......#
#l# .
#.......#
####{#### #
#.......#
#...@...#
###.......#
#.##.##.#
..#.......#
#.##.#
#.#.......#
#....#
#.#.......#
#..###
#........##
#..####.#
#..#####.#
#.......#
#..#####.#
##.######
#######
...#...#.#
#.# #......


You could see an adder and a frilled lizard.

Vanquished Creatures
  2 adders (D:2)
  3 gnolls (D:2)
  2 oozes
  A dart slug (D:1)
  2 leopard geckos (D:1)
  A ball python (D:2)
  3 bats
  2 giant cockroaches
  11 goblins
  7 hobgoblins (D:1)
  3 jackals (D:1)
  A quokka (D:2)
  3 frilled lizards
  5 kobolds
  6 rats (D:1)
52 creatures vanquished.

Notes
Turn   | Place    | Note
-------+----------+-------------------------------------------
     0 | D:1      | Fang the Gargoyle Berserker began the quest for the Orb.
     0 | D:1      | Reached XP level 1. HP: 14/14 MP: 1/1
   258 | D:1      | Reached XP level 2. HP: 15/19 MP: 2/2
   559 | D:1      | Reached XP level 3. HP: 24/24 MP: 3/3
   690 | D:1      | Reached skill level 4 in Fighting
   823 | D:1      | Reached ** piety under Trog
  1063 | D:2      | Reached XP level 4. HP: 15/29 MP: 4/4
  1642 | D:2      | Reached skill level 1 in Stealth
  1726 | D:2      | Noticed Sigmund
  1744 | D:2      | Slain by Sigmund

Skill      XL: |  1  2  3  4 |
---------------+-------------+-----
Axes           | 3 |  3.8
Fighting       | 4 |  4.1
Dodging        | 2 |  2.1
Stealth        | 1 |  1.0
Armour         | |  2.5

Action                   |  1- 3 |  4- 6 || total
-------------------------+-------+-------++-------
Melee: Hand axe          |   133 |    84 ||   217
Invok: Berserk           |       |     2 ||     2
 Stab: Sleeping          |     1 |       ||     1
  Eat: Chunk             |       |     4 ||     4
Armor: Animal skin       |    29 |       ||    29
       Ring mail         |    26 |    25 ||    51
Dodge: Dodged            |    94 |    44 ||   138
